 Dungeon Crawl Stone Soup version 0.31-a0-1300-gb6740aa4e6 (webtiles) character file.

Game seed: 1912221393918007751

91 LeprechaunX the Changeling (level 4, -1/29 HPs)
             Began as an Octopode Shapeshifter on Dec 18, 2023.
             Slain by a goblin
             ... wielding a +0 club
             ... led by Robin
              (6 damage)
             ... on level 3 of the Dungeon.
             The game lasted 00:01:49 (1571 turns).

LeprechaunX the Changeling (Octopode Shapeshifter)  Turns: 1571, Time: 00:01:49

Health: -1/29      AC:  1    Str: 13    XL:     4   Next: 59%
Magic:  4/4        EV: 13    Int: 12    God:
Gold:   42         SH:  0    Dex: 13    Spells: 3/3 levels left

rFire   . .          .
                       - Unarmed
rCold   . . .        (no shield)
rNeg    . . .        (helmet currently unavailable)
rPois   .            (no amulet)
rElec   .            (no ring)
rCorr   .            (no ring)
SInv    .            (no ring)
Will    .....        (no ring)
Stlth   ++           (no ring)
HPRegen 0.24/turn    (no ring)
MPRegen 0.09/turn    (no ring)
                     (no ring)

%: no passive effects
@: beast-form
A: beast (slay +2), almost no armour, amphibious, 8 rings, camouflage 1,
gelatinous body 1, (nimble swimmer 1), tentacles
a: Begin Untransformation


You were on level 3 of the Dungeon.
You were a hulking beast.
You visited 1 branch of the dungeon, and saw 3 of its levels.

You collected 42 gold pieces.

Inventory:

Missiles
 n - 5 atropa-tipped darts
Jewellery
 m - an amulet of magic regeneration
Talismans
 b - a beast talisman
 c - a flux talisman
Scrolls
 h - a scroll of noise {unknown}
 j - a scroll of poison {unknown}
 k - a scroll of fear {unknown}
 l - a scroll of fog {unknown}
Potions
 a - 4 potions of lignification
 d - a potion of might {unknown}
 e - a potion of attraction {unknown}
 f - a potion of magic {unknown}
 g - a potion of haste {unknown}
 i - a potion of heal wounds {unknown}


   Skills:
 + Level 2.1 Fighting
 + Level 0.1 Throwing
 - Level 2.0 Dodging
 + Level 3.6 Unarmed Combat
 * Level 4.0 Shapeshifting


You had 3 spell levels left.
You didn't know any spells.
Your spell library contained the following spells:

 Spells                   Type           Power      Damage    Failure   Level
 Ensorcelled Hibernation  Hex/Ice        0%         N/A       45%         2
 Passwall                 Tmut/Erth      0%         N/A       45%         2
 Swiftness                Air            0%         N/A       69%         3


Dungeon Overview and Level Annotations

Branches:
Dungeon (3/15)

Altars:

Shops:
D:1 (

Annotations:
D:3 Robin


Innate Abilities, Weirdness & Mutations

You are a hulking beast.
Your limbs bulge with bestial killing power. (Slay +2)
You cannot wear most types of armour.
You are amphibious.
You can wear up to eight rings at the same time.
Your skin changes colour to match your surroundings (Stealth+).
Your rubbery body absorbs attacks. (AC +1, EV +1)
((You are camouflaged when in or above water. (Stealth+)))
You have tentacles for arms and can constrict up to eight enemies at once.


Message History

You tentacle-slap the goblin.
You kill the goblin!
The hobgoblin barely misses you.
The goblin unwields a +0 club.
The goblin wields a +0 sling.
The goblin shoots a sling bullet.
The sling bullet barely misses you.
You barely miss the hobgoblin. You grab the hobgoblin.
Your tentacle-slap misses the hobgoblin.
You constrict the hobgoblin, but do no damage.
The hobgoblin hits you.
The goblin shoots a sling bullet.
The sling bullet hits you.
You closely miss the goblin. You grab the goblin. You constrict the hobgoblin.
You constrict the goblin. Robin closely misses you.
The goblin completely misses you. The hobgoblin hits you.
The goblin shoots a sling bullet.
The sling bullet hits you.
You are too injured to fight recklessly!
You are too injured to fight recklessly!
You are too injured to fight recklessly!
You are too injured to fight recklessly!
You are too injured to fight recklessly!
You are too injured to fight recklessly!
You are too injured to fight recklessly!
You are too injured to fight recklessly!
You are too injured to fight recklessly!
Unknown command.
You release your grip on the hobgoblin.
You release your grip on the goblin.
Robin throws the goblin at you! The goblin hits you but does no damage.
The goblin hits you with a +0 club.
Things that are here:
a +0 dagger; a goblin corpse Robin throws the goblin at you!
* * * LOW HITPOINT WARNING * * *
The goblin completely misses you.
The hobgoblin attacks as it pursues you!
The hobgoblin hits you.
* * * LOW HITPOINT WARNING * * *
The goblin unwields a +0 sling.
The goblin wields a +0 club.
The goblin hits you with a +0 club.
* * * LOW HITPOINT WARNING * * *
The goblin hits you but does no damage. The goblin hits you with a +0 club.
You die...

##### ##### #...#
#...# #.8.#
#.<.###.gh######
#........gg.g..#
###.....gg.⌠g..#
#.............[..
#.......#####....
.........# ...
.⌠........# .#
............. .
####...###.>.


You could see Robin, 3 hobgoblins and 3 goblins.

Vanquished Creatures
  2 adders (D:2)
  2 worms (D:2)
  2 dart slugs
  5 endoplasms
  9 giant cockroaches
  3 goblins (D:3)
  8 hobgoblins
  4 jackals (D:1)
  A quokka (D:1)
  4 ball pythons
  2 bats
  2 frilled lizards (D:1)
  4 kobolds
  11 rats
59 creatures vanquished.

Notes
Turn   | Place    | Note
-------+----------+-------------------------------------------
     0 | D:1      | LeprechaunX the Octopode Shapeshifter began the quest for
                  | the Orb.
     0 | D:1      | Reached XP level 1. HP: 13/13 MP: 1/1
     1 | D:1      | Found a runed translucent door.
   126 | D:1      | Reached XP level 2. HP: 17/18 MP: 2/2
   215 | D:1      | Found Ryumifa's Antique Weapon Shoppe.
   573 | D:1      | Reached XP level 3. HP: 20/23 MP: 3/3
   959 | D:2      | Reached XP level 4. HP: 29/29 MP: 4/4
  1031 | D:2      | Reached skill level 4 in Shapeshifting
  1558 | D:3      | Noticed Robin
  1571 | D:3      | Slain by a goblin

Illustrated notes

Levels and vault maps discovered:
D:1:      dpeg_arrival_caged_fury, layout_basic, serial_shops, shop,
          hangedman_glass_teeth, columned_hall_lemuel
D:2:      layout_loops_ring
D:3:      cheibrodos_greedy_goblins, layout_loops_ring,
          nicolae_elevator_lobby_asterisk, uniq_sigmund, uniq_terence,
          uniq_robin

Skill      XL: |  1  2  3  4 |
---------------+-------------+-----
Fighting       | 2 |  2.1
Shapeshifting  | 4 |  4.0
Throwing       | |  0.1
Dodging        | |  2.0
Unarmed Combat | |  3.6

Action                     |  1- 3 |  4- 6 || total
---------------------------+-------+-------++-------
  Melee: Unarmed           |    76 |    27 ||   103
         Constrict         |    20 |     7 ||    27
         Tentacles         |    14 |     6 ||    20
         Hand axe          |     4 |       ||     4
   Stab: Sleeping          |     6 |     4 ||    10
 Armour: Skin              |    27 |    19 ||    46
  Dodge: Dodged            |    44 |    13 ||    57

Table legend: (Time is in decaauts)
 A = Elapsed time spent in this place.
 B = Non-inter-level travel time spent in this place.
 C = Inter-level travel time spent in this place.
 D = Time resting spent in this place.
 E = Time spent auto-exploring this place.
 F = Levels seen in this place.
 G = Mean time per level.
                   A        B        C        D        E       F      G
               +--------+--------+--------+--------+--------+-----+--------+
         Total |   1564 |   1406 |    158 |     18 |   1114 |   3 |  521.3 |
       Dungeon |   1564 |   1406 |    158 |     18 |   1114 |   3 |  521.3 |
               +--------+--------+--------+--------+--------+-----+--------+

Top non-repeatable levels by time:
     D:2: 807 daAuts
     D:1: 737 daAuts
     D:3: 19 daAuts
